 Dungeon Crawl Stone Soup version 0.29.0-4-gdea44cf6ec (webtiles) character file.

Game seed: 1939165970711773091

169 qw the Chopper (level 5, -3/30 HPs)
             Began as a Tengu Warper on Aug 28, 2022.
             Slain by an iguana (9 damage)
             ... on level 4 of the Dungeon.
             The game lasted 00:00:18 (3334 turns).

qw the Chopper (Tengu Warper)                       Turns: 3334, Time: 00:00:19

Health: -3/30      AC: 13    Str: 13    XL:     5   Next: 50%
Magic:  9/9        EV:  4    Int: 14    God:
Gold:   152        SH:  5    Dex: 13    Spells: 8/8 levels left

rFire   . . .      SeeInvis .   Y - +0 hand axe
rCold   . . .      Faith    .   (no shield)
rNeg    . . .      Spirit   .   k - +0 plate armour
rPois   .          Reflect  +   (helmet restricted)
rElec   .          Harm     .   g - +0 cloak
rCorr   .          Rampage  .   n - +0 pair of gloves
Will    .....                   (boots unavailable)
Stlth   ..........              j - amulet of reflection
HPRegen 0.10/turn               (no ring)
MPRegen 0.11/turn               (no ring)

@: flying quickly and evasively, quick
A: beak, talons 3, nimble flight
a: no special abilities


You were on level 4 of the Dungeon.
You visited 1 branch of the dungeon, and saw 4 of its levels.

You collected 152 gold pieces.


Innate Abilities, Weirdness & Mutations

You have a beak for a mouth.
You have claws for feet.
Your magical nature lets you fly swiftly and evasively.


   Skills:
 - Level 2.0 Fighting
 + Level 5.8 Axes
 - Level 1.0 Throwing
 - Level 2.0 Armour
 - Level 2.1 Dodging
 - Level 2.0 Spellcasting
 - Level 2.4 Translocations


You had 8 spell levels left.
You didn't know any spells.
Your spell library contained the following spells:

 Spells                   Type           Power      Damage    Failure   Level
 Blink                    Tloc           16%        N/A       100%        2
 Gell's Gravitas          Tloc           8%         N/A       100%        3
 Lesser Beckoning         Tloc           8%         N/A       100%        3
 Teleport Other           Tloc           8%         N/A       100%        3
 Manifold Assault         Tloc           8%         N/A       100%        5

Inventory:

Hand Weapons
 a - a +0 flail
 Y - a +0 hand axe (weapon)
Missiles
 c - 3 javelins (quivered)
 e - 4 boomerangs
Armour
 g - a +0 cloak (worn)
 k - a +0 plate armour (worn)
 n - a +0 pair of gloves (worn)
Jewellery
 j - an amulet of reflection (around neck)
Scrolls
 m - a scroll of identify
 o - a scroll of brand weapon {unknown}
Potions
 b - a potion of haste {unknown}
 d - a potion of curing {unknown}
 f - a potion of magic {unknown}
 h - a potion of degeneration {unknown}
 i - a potion of mutation {unknown}
 l - a potion of flight {unknown}

Dungeon Overview and Level Annotations

Branches:
Dungeon (4/15)
 Temple: D:4-7

Altars:


Message History

(D) Dungeon
Where to? (* - list waypoints, Enter - D:3, ? - help)
What level of the Dungeon? (default 1, ? - help)
Things that are here:
a +0 flail; a +0 leather armour; an orc corpse
Things that are here:
a +0 flail; a +0 club; an orc corpse
There is a stone staircase leading down here.
You fly downwards.
There is a stone staircase leading up here.
Existing waypoints: (1) D:2 (2) D:3 Assign waypoint to what number? (0-9, D - delete waypoint) Waypoint 1 re-assigned from D:2 to D:4.
o - a scroll labelled MEOSYERINY
Enter note:
Enter note: An iguana comes into view.
The iguana hisses angrily.
Throw: 4 javelins
Press: ? - help, Q - select action, (/) - cycle Shift-Dir - straight line, f - iguana You throw a javelin.
The javelin closely misses the iguana.
You hit the iguana but do no damage. Your peck misses the iguana.
You block the iguana's attack.
You hit the iguana. You claw the iguana.
The iguana is moderately wounded.
The iguana bites you.
You hit the iguana. Your peck misses the iguana.
The iguana is severely wounded.
The iguana bites you!
You barely miss the iguana. Your kick misses the iguana.
The iguana is severely wounded.
The iguana bites you!
You hit the iguana but do no damage. Your kick misses the iguana.
The iguana is severely wounded.
The iguana bites you.
You hit the iguana but do no damage. Your kick misses the iguana.
The iguana is severely wounded.
The iguana bites you!
You die...

. ## .. .. .#. ..
#.## #.#####..##
..........#
......#...#########
#...#........#..
#.......####.#.#
#.#.##..####.#@####
#.#.....#......l..#
###.####....##.#.##(#
....# #.#####.#.# ..
...## #.. ..#.. .#
.#.# ### ####### #
.#.# .#.# .#.#


You could see an iguana.

Vanquished Creatures
  An iguana (D:3)
  4 adders
  4 gnolls
  2 dart slugs
  3 orcs (D:3)
  6 ball pythons
  7 endoplasms
  3 giant cockroaches
  4 goblins (D:1)
  5 hobgoblins
  4 kobolds
  A quokka (D:2)
  10 bats
  3 frilled lizards
  5 rats
62 creatures vanquished.

Notes
Turn   | Place    | Note
-------+----------+-------------------------------------------
     0 | D:1      | qw the Tengu Warper began the quest for the Orb.
     0 | D:1      | Reached XP level 1. HP: 12/12 MP: 4/4
     0 | D:1      | 0 ||| qw: Version: 0.1-a-89-g26bdef1
     0 | D:1      | 0 ||| qw: Game counter: 2083
     0 | D:1      | 0 ||| qw: Always use a shield: true
     0 | D:1      | 0 ||| qw: God list: Okawaru
     0 | D:1      | 0 ||| qw: Allow faded altars: false
     0 | D:1      | 0 ||| qw: Do Orc after D:15 true
     0 | D:1      | 0 ||| qw: Do second Lair branch before Depths: true
     0 | D:1      | 0 ||| qw: Lair rune preference: random
     0 | D:1      | 0 ||| qw: Plans: Normal
     0 | D:1      | 0 ||| PLANNING D:1-11
   289 | D:1      | Reached skill level 3 in Axes
   289 | D:1      | Reached XP level 2. HP: 17/17 MP: 6/6
   909 | D:1      | Reached XP level 3. HP: 21/21 MP: 7/7
   962 | D:1      | HP: 3/21 [gnoll/+0 club (4)]
   964 | D:1      | Reached skill level 4 in Axes
  1267 | D:1      | Found a faded altar of an unknown god.
  1715 | D:1      | 1715 ||| UPGRADING to +0 ring mail.
  1725 | D:1      | 1725 ||| DROPPING +0 leather armour.
  1726 | D:1      | 1726 ||| UPGRADING to +0 chain mail.
  1736 | D:1      | 1736 ||| DROPPING +0 ring mail.
  1737 | D:1      | 1737 ||| UPGRADING to +0 plate armour.
  1747 | D:1      | 1747 ||| DROPPING +0 chain mail.
  1748 | D:1      | 1748 ||| UPGRADING to amulet of reflection.
  1753 | D:1      | 1753 ||| READING scroll labelled HEEDWONATE.
  1754 | D:1      | 1754 ||| DRINKING 2 puce potions.
  1788 | D:1      | 1788 ||| DROPPING scroll of blinking.
  1789 | D:1      | 1789 ||| DROPPING potion of lignification.
  1860 | D:2      | 1860 ||| Stepping ~*~*~tactically~*~*~ (stealth).
  1866 | D:2      | 1866 ||| Stepping ~*~*~tactically~*~*~ (stealth).
  1875 | D:2      | 1875 ||| Stepping ~*~*~tactically~*~*~ (stealth).
  1877 | D:2      | 1877 ||| Stepping ~*~*~tactically~*~*~ (stealth).
  1879 | D:2      | 1879 ||| Stepping ~*~*~tactically~*~*~ (stealth).
  1882 | D:2      | 1882 ||| Stepping ~*~*~tactically~*~*~ (stealth).
  1896 | D:2      | 1896 ||| Stepping ~*~*~tactically~*~*~ (stealth).
  1899 | D:2      | 1899 ||| Stepping ~*~*~tactically~*~*~ (stealth).
  1959 | D:2      | 1959 ||| DROPPING +0 club.
  1976 | D:2      | Reached XP level 4. HP: 26/26 MP: 8/8
  1987 | D:2      | 1987 ||| Stepping ~*~*~tactically~*~*~ (stealth).
  2227 | D:2      | 2227 ||| FLEEEEING.
  2228 | D:2      | 2228 ||| FLEEEEING.
  2229 | D:2      | 2229 ||| FLEEEEING.
  2230 | D:2      | 2230 ||| FLEEEEING.
  2231 | D:2      | 2231 ||| FLEEEEING.
  2232 | D:2      | 2232 ||| FLEEEEING.
  2233 | D:2      | 2233 ||| FLEEEEING.
  2235 | D:2      | 2235 ||| FLEEEEING.
  2236 | D:2      | 2236 ||| FLEEEEING.
  2237 | D:2      | 2237 ||| FLEEEEING.
  2238 | D:2      | 2238 ||| STAIRDANCE
  2273 | D:1      | 2273 ||| READING scroll labelled GEZUEM CICSA.
  2274 | D:1      | 2274 ||| READING scroll labelled GUIXUO ZOESTRO.
  2275 | D:1      | 2275 ||| READING 2 scrolls labelled NOODDI IRIPH.
  2276 | D:1      | 2276 ||| DROPPING scroll of butterflies.
  2281 | D:2      | Reached skill level 5 in Axes
  2527 | D:2      | Gained mutation: Your magical nature lets you fly swiftly
                  | and evasively. [Tengu growth]
  2527 | D:2      | Reached XP level 5. HP: 30/30 MP: 9/9
  2649 | D:2      | 2649 ||| UPGRADING to +0 cloak.
  2654 | D:2      | 2654 ||| READING scroll labelled VYNOEG REDEOWU.
  2655 | D:2      | 2655 ||| READING scroll labelled WOENOAZETE.
  2656 | D:2      | 2656 ||| Stepping randomly (stuck).
  2657 | D:2      | 2657 ||| Stepping ~*~*~tactically~*~*~ (cloud).
  3246 | D:3      | 3246 ||| UPGRADING to +0 pair of gloves.
  3332 | D:4      | HP: 7/30 [iguana (10)]
  3334 | D:4      | Slain by an iguana

Levels and vault maps discovered:
D:1:      giann_wishing_wells, layout_loops_corners,
          hellmonk_ecumenical_altar_run_dry, hangedman_decor_peaks_small,
          roderic_serpentine_path
D:2:      layout_loops_cross
D:3:      layout_rooms
D:4:      layout_loops_cross, ebering_ghost_sewer_f,
          minmay_misc_feat_secret_circle

Skill      XL: |  1  2  3  4 |
---------------+-------------+-----
Axes           | 3 4 5 |  5.8
Armour         | 2 |  2.0
Fighting       | |  2.0
Throwing       | |  1.0
Dodging        | |  2.1
Spellcasting   | |  2.0
Translocations | |  2.4

Action                   |  1- 3 |  4- 6 || total
-------------------------+-------+-------++-------
Melee: Hand axe          |    57 |    64 ||   121
       Kick              |    13 |    15 ||    28
       Peck              |     7 |     8 ||    15
       Punch             |     2 |       ||     2
Throw: Boomerang         |    58 |    16 ||    74
       Javelin           |       |    18 ||    18
  Use: Scroll            |     1 |     5 ||     6
       Potion            |     1 |       ||     1
 Stab: Sleeping          |     1 |       ||     1
Armor: Leather armour    |    15 |       ||    15
       Plate armour      |     4 |    48 ||    52
Dodge: Dodged            |    26 |    10 ||    36
Block: Other             |     4 |    17 ||    21
       Reflection        |       |     1 ||     1

Table legend:
 A = Non-vault XP
 B = Vault XP
 C = Vault XP percentage of total XP
 D = Non-vault monster count
 E = Vault monster count
 F = Vault count percentage of total count
                 A         B        C        D         E       F
            +---------+---------+-------+---------+---------+-------
      Total |     242 |       0 |   0.0 |      62 |       0 |   0.0
            +---------+---------+-------+---------+---------+-------
        D:1 |      65 |       0 |   0.0 |      30 |       0 |   0.0
        D:2 |     103 |       0 |   0.0 |      24 |       0 |   0.0
        D:3 |      74 |       0 |   0.0 |       8 |       0 |   0.0
            +---------+---------+-------+---------+---------+-------
